 Dungeon Crawl Stone Soup version 0.29.1-12-g30fa7ad0bf (webtiles) character file.

Game seed: 18021785214174917779

49403 wormed the Grappler (level 14, -6/116 HPs)
             Began as a Troll Gladiator on Dec 26, 2022.
             Was a Believer of Jiyva.
             Mangled by a large abomination (28 damage)
             ... on level 2 of the Abyss.
             The game lasted 00:46:44 (20324 turns).

wormed the Grappler (Troll Gladiator)              Turns: 20324, Time: 00:46:45

Health: -6/116     AC: 21    Str: 28 (29) XL:     14   Next: 15%
Magic:  12/12      EV:  5    Int:  6 (9)  God:    Jiyva [**....]
Gold:   805        SH:  0    Dex: 13 (14) Spells: 13/13 levels left

rFire   + + +      SeeInvis .     - Unarmed
rCold   + + +      Faith    +   (no shield)
rNeg    + + .      Spirit   .   q - +1 gold dragon scales of Dojoj {rPois rF+ rC+ Will+ Int+9 Dex+4}
rPois   +          Reflect  .   p - +1 hat
rElec   +          Harm     .   N - +0 cloak
rCorr   +          Rampage  .   (gloves unavailable)
Will    +++..                   (boots unavailable)
Stlth   ..........              U - amulet "Kiowush" {Faith rElec rN++ Will+ Dex+3}
HPRegen 0.96/turn               S - ring of Kukinenu {rElec rPois rF+ rC+ Str+4}
MPRegen 0.43/turn               T - ring "Degh" {rF+ rC+}

@: sick, studying Shields, unable to drink
A: large, unfitting armour, claws 3, regeneration 1, shaggy fur 1, tough skin 1,
[clumsy 2], [deterioration 2], [dopey 2], [frail 2], [low MP 2], weak 1[+1],
[inability to drink after injury 2]
a: Renounce Religion


You were on level 2 of the Abyss.
You worshipped Jiyva.
Jiyva was pleased with you.
You visited 3 branches of the dungeon, and saw 19 of its levels.
You visited the Abyss 1 time.
You also visited: Ice Cave.

You collected 1429 gold pieces.
You spent 624 gold pieces at shops.

Inventory:

Missiles
 c - a throwing net
 e - 4 silver javelins
 g - 12 large rocks
 m - 43 poisoned darts
 W - 3 datura-tipped darts
Armour
 p - a +1 hat (worn)
 q - the +1 gold dragon scales of Dojoj (worn) {rPois rF+ rC+ Will+ Int+9 Dex+4}
   (You acquired it on level 2 of the Dungeon)

   Int:       It affects your intelligence (+9).
   Dex:       It affects your dexterity (+4).
   rF:        It protects you from fire.
   rC:        It protects you from cold.
   rPois:     It protects you from poison.
   Will:      It increases your willpower.
 N - a +0 cloak (worn)
Jewellery
 k - a ring of magical power
 u - a ring of fire
 F - a ring of wizardry
 M - a +4 ring of protection
 S - the ring of Kukinenu (left claw) {rElec rPois rF+ rC+ Str+4}
   (You found it in an ice cave)

   [ring of protection from cold]

   Str:       It affects your strength (+4).
   rF:        It protects you from fire.
   rC:        It protects you from cold.
   rElec:     It insulates you from electricity.
   rPois:     It protects you from poison.
 T - the ring "Degh" (right claw) {rF+ rC+}
   (You found it in an ice cave)

   [ring of protection from cold]

   rF:        It protects you from fire.
   rC:        It protects you from cold.
 U - the amulet "Kiowush" (around neck) {Faith rElec rN++ Will+ Dex+3}
   (You found it in an ice cave)

   [amulet of faith]

   It allows you to gain divine favour quickly.
   Dex:       It affects your dexterity (+3).
   rElec:     It insulates you from electricity.
   rN:        It greatly protects you from negative energy.
   Will:      It increases your willpower.
 V - a ring of wizardry
Wands
 i - a wand of iceblast (3)
 x - a wand of paralysis (13)
 z - a wand of digging (15)
 B - a wand of flame (36) (quivered)
Scrolls
 a - a scroll of enchant armour {unknown}
 b - a scroll of poison {unknown}
 h - 3 scrolls of fog {unknown}
 o - 3 scrolls of magic mapping {unknown}
 t - 3 scrolls of enchant weapon {unknown}
 v - 6 scrolls of fear {unknown}
 w - 2 scrolls of immolation {unknown}
 y - 2 scrolls of noise {unknown}
 A - 2 scrolls of summoning {unknown}
 G - a scroll of amnesia {unknown}
 J - 3 scrolls of vulnerability {unknown}
 L - 2 scrolls of brand weapon
 O - a scroll of torment {unknown}
 P - a scroll of blinking {unknown}
 R - 2 scrolls of identify
Potions
 d - 3 potions of might
 f - 6 potions of attraction
 j - 2 potions of mutation
 l - 3 potions of lignification
 n - 2 potions of haste
 r - 2 potions of brilliance
 s - 6 potions of curing
 C - a potion of invisibility {unknown}
 D - a potion of cancellation
 H - a potion of berserk rage {unknown}
 I - 3 potions of degeneration {unknown}
 Q - 2 potions of heal wounds
Miscellaneous
 E - a phial of floods
 K - a condenser vane


   Skills:
 + Level 11.1 Fighting
 * Level 8.0 Throwing
 + Level 7.8 Armour
 + Level 7.8 Dodging
 * Level 11.4 Shields
 + Level 11.4 Unarmed Combat
 - Level 4.0 Invocations


You had 13 spell levels left.
You didn't know any spells.
Your spell library contained the following spells:

 Spells                   Type           Power      Damage    Failure   Level
 Sting                    Tmut/Pois      0%         1d3       100%        1
 Blink                    Tloc           0%         N/A       100%        2
 Poisonous Vapours        Pois/Air       0%         N/A       100%        2
 Conjure Flame            Conj/Fire      0%         6-21      100%        3
 Ignite Poison            Fire/Tmut/Pois 0%         N/A       100%        3
 Inner Flame              Hex/Fire       0%         N/A       100%        3
 Cause Fear               Hex            0%         N/A       100%        4
 Corpse Rot               Necr/Pois/Air  0%         N/A       100%        4
 Flame Wave               Conj/Fire      0%         2d4       100%        4
 Olgreb's Toxic Radiance  Pois           0%         N/A       100%        4
 Petrify                  Tmut/Erth      0%         N/A       100%        4
 Sticky Flame             Conj/Fire      0%         2d3       100%        4
 Blade Hands              Tmut           0%         N/A       100%        5
 Irradiate                Conj/Tmut      0%         3d11      100%        5
 Manifold Assault         Tloc           0%         N/A       100%        5
 Metabolic Englaciation   Hex/Ice        0%         N/A       100%        5
 Statue Form              Tmut/Erth      0%         N/A       100%        6
 Dragon Form              Tmut           0%         N/A       100%        7
 Storm Form               Tmut/Air       0%         N/A       100%        7
 Discord                  Hex            0%         N/A       100%        8


Dungeon Overview and Level Annotations

Branches:
Dungeon (13/15)            Temple (1/1) D:6            Lair (5/5) D:10
 Shoals (0/4) Lair:2        Snake (0/4) Lair:3        Slime (0/5) Lair:5
    Orc (0/2) D:9          Vaults (0/5) D:13          IceCv (visited)

Altars:
Ashenzari
Cheibriados
Dithmenos
Elyvilon
Fedhas
Gozag
Hepliaklqana
Kikubaaqudgha
Makhleb
Nemelex Xobeh
Okawaru
Qazlal
Ru
Sif Muna
Trog
Uskayaw
Vehumet
Wu Jian
Xom
Yredelemnul
Zin
The Shining One
Jiyva

Shops:
D:2 ?   D:5 (   D:10 [(   D:11 (

Annotations:
D:13 Sonja


Innate Abilities, Weirdness & Mutations

You are too large for most types of armour.
You have claws for hands.
Your natural rate of healing is unusually fast.
You are covered in fur. (AC +1)
You have tough skin. (AC +1)
[You are very clumsy. (Dex -4)]
[Your body often deteriorates upon taking damage.]
[You are very dopey. (Int -4)]
[You are very frail. (-20% HP)]
[Your magical capacity is very low. (-20% MP)]
[You are very weak. (Str -4)]
[You sometimes lose the ability to drink potions when taking damage.]


Message History

The hell hog breathes fire at you.
The fireball explodes!
The fireball engulfs the hell hog.
The hell hog completely resists.
The fireball engulfs you. You resist.
Something shouts, "Slither away, thou worthless roguish mish-mash!"
The yellow draconian hits you but does no damage.
The hell hog barely misses you.
A large abomination comes into view.
The yellow draconian attacks as you move away!
The yellow draconian hits you but does no damage.
The hell hog bites you!
You feel threatened and lose the ability to drink potions!
The hell hog attacks as you move away! The hell hog bites you.
The large abomination hits you! The hell hog attacks as you move away!
The hell hog barely misses you.
The large abomination completely misses you.
The hell hog breathes fire at you.
The fireball explodes!
The fireball engulfs you but does no damage.
The deep elf elementalist gestures next to the hell hog while chanting.
You hear rumbling.
You hear a shout!
The large abomination attacks as you move away!
The large abomination hits you!
* * * LOW HITPOINT WARNING * * *
You hear rumbling.
An iron imp comes into view.
The hell hog breathes fire at you.
The fireball explodes!
The fireball engulfs you. You resist.
* * * LOW HITPOINT WARNING * * *
The fireball engulfs the large abomination!!
The large abomination hits you.
* * * LOW HITPOINT WARNING * * *
The large abomination attacks as you move away!
The large abomination hits you.
* * * LOW HITPOINT WARNING * * *
The deep elf elementalist is no longer moving quickly.
The deep elf elementalist gestures wildly while chanting.
The deep elf elementalist seems to speed up.
The large abomination attacks as you move away!
The large abomination hits you!!
You die...

.#.##.## # .##
#..##.....E ###..#
#......##...#...#..
#.#...##
h..#.......
#.#.#..# ##h#.#
..#.#....##.h#.#
.... ......h#..#
...##...#..#.X## ..
..### .#..@# #.
#.#..#.# #
....#..## #...##..
#... ... .. .##. ..
.# ## #


You could see 3 hell hogs, a large abomination and an earth elemental
(summoned).

Vanquished Creatures
  Gastronok (D:12)
  A very ugly thing (Abyss:2)
  Azrael (D:13)
  A fire dragon (D:13)
  2 boulder beetles
  3 two-headed ogres
  2 centaur warriors
  A tengu warrior (D:12)
  7 death yaks (Lair:4)
  A sun demon (Abyss:2)
  2 thrashing horrors (Abyss:2)
  2 deep elf pyromancers
  2 ugly things (D:11)
  2 cyclopes
  2 manticores
  Maurice (D:13)
  A molten gargoyle (D:12)
  2 ice statues (IceCv)
  4 cane toads
  7 black mambas
  An orange demon (Abyss:2)
  2 gargoyles (D:11)
  3 rime drakes
  7 komodo dragons
  A yaktaur (shapeshifter) (D:13)
  3 kobold demonologists
  A troll (D:9)
  A large abomination (Abyss:2)
  3 polar bears
  Grinder (D:4)
  2 hornets
  5 blink frogs (Lair:2)
  Prince Ribbit (D:6)
  3 starcursed masses (Abyss:2)
  36 yaks
  2 wraiths
  5 wyverns
  A basilisk (Lair:3)
  2 fire elementals
  4 vampire mosquitoes
  A naga (Lair:3)
  5 steam dragons
  2 hell hounds (D:13)
  Duvessa (D:7)
  2 small abominations (Abyss:2)
  30 water moccasins
  5 orc warriors
  3 ice beasts
  4 black bears
  2 sky beasts
  An ogre (D:3)
  19 wolves
  9 centaurs
  2 slime creature simulacra (IceCv)
  4 kobold brigands
  16 bullfrogs
  A glowing shapeshifter simulacrum (IceCv)
  A necrophage (D:6)
  A gnoll sergeant (D:10)
  3 scorpions
  9 wights
  Dowan (D:7)
  12 killer bees
  2 electric eels
  3 howler monkeys
  A lava snake (D:12)
  3 jellies
  4 hounds
  8 orc priests
  7 hell rats (Lair:3)
  6 iguanas
  15 orc wizards
  A shapeshifter simulacrum (IceCv)
  Robin (D:2)
  16 gnolls
  22 adders
  A shadow imp (D:5)
  A white imp (D:7)
  An ufetubus (D:4)
  4 worms
  5 dart slugs
  43 orcs
  7 bats
  8 endoplasms
  2 giant cockroaches (D:1)
  14 goblins
  9 hobgoblins
  4 jackals (D:2)
  4 quokkas
  4 ball pythons
  3 frilled lizards (D:1)
  19 kobolds
  3 rats
484 creatures vanquished.

Vanquished Creatures (others)
  A quicksilver ooze (IceCv)
  6 golden eyes (Abyss:2)
  A great orb of eyes simulacrum (IceCv)
  A slime creature simulacrum (IceCv)
  2 glowing shapeshifter simulacra (IceCv)
  2 jellies
  2 shapeshifter simulacra (IceCv)
  An ufetubus (Abyss:2)
  5 kobolds
  57 fungi
  A lurking horror (Abyss:2)
  75 plants
154 creatures vanquished.

Grand Total: 638 creatures vanquished

Notes
Turn   | Place    | Note
-------+----------+-------------------------------------------
     0 | D:1      | wormed the Troll Gladiator began the quest for the Orb.
     0 | D:1      | Reached XP level 1. HP: 19/19 MP: 0/0
   120 | D:1      | Reached XP level 2. HP: 23/28 MP: 1/1
   325 | D:1      | Found a faded altar of an unknown god.
   434 | D:1      | Reached XP level 3. HP: 31/35 MP: 2/2
   854 | D:2      | Noticed Robin
   867 | D:2      | Killed Robin
   918 | D:2      | Found Ibreucaf's Magic Scroll Shoppe.
  1110 | D:2      | Reached XP level 4. HP: 42/42 MP: 3/3
  1142 | D:3      | Found a burning altar of Makhleb.
  1147 | D:3      | Identified the +5 whip "Ohorgh" {freeze, Will+}
  1340 | D:3      | Noticed an ogre
  1347 | D:3      | Killed an ogre
  1348 | D:3      | Reached skill level 5 in Unarmed Combat
  1348 | D:3      | Reached XP level 5. HP: 49/49 MP: 4/4
  1665 | D:3      | Found a broken altar of Ashenzari.
  2095 | D:4      | Reached XP level 6. HP: 54/57 MP: 5/5
  2292 | D:4      | Found a hide-covered altar of Uskayaw.
  2482 | D:4      | Noticed Grinder
  2488 | D:4      | Killed Grinder
  2489 | D:4      | Reached XP level 7. HP: 65/65 MP: 6/6
  2615 | D:4      | Found a white marble altar of Elyvilon.
  2624 | D:4      | Became a worshipper of Elyvilon the Healer
  2908 | D:4      | Found a shimmering blue altar of Sif Muna.
  3028 | D:5      | Entered Level 5 of the Dungeon
  3126 | D:5      | Reached XP level 8. HP: 75/75 MP: 7/7
  3165 | D:5      | Found a basalt altar of Yredelemnul.
  3294 | D:5      | Reached * piety under Elyvilon
  3628 | D:5      | Found Jeguaf's Antique Weapon Boutique.
  4251 | D:6      | Reached skill level 5 in Fighting
  4598 | D:6      | Reached skill level 10 in Unarmed Combat
  4601 | D:6      | Noticed Prince Ribbit
  4607 | D:6      | Killed Prince Ribbit
  4608 | D:6      | Reached XP level 9. HP: 32/89 MP: 8/8
  4813 | D:6      | Found a staircase to the Ecumenical Temple.
  4834 | D:6      | Found an ornate altar of the Wu Jian Council.
  4958 | D:6      | Reached ** piety under Elyvilon
  5070 | Temple   | Entered the Ecumenical Temple
  5248 | D:7      | Noticed Duvessa
  5732 | D:7      | Noticed Dowan
  6803 | D:7      | Killed Duvessa
  6809 | D:7      | Killed Dowan
  7208 | D:7      | Found a hazy altar of Hepliaklqana.
  7676 | D:8      | Found an ancient bone altar of Kikubaaqudgha.
  7716 | D:8      | Reached XP level 10. HP: 84/107 MP: 9/9
  7742 | D:8      | Reached *** piety under Elyvilon
  8133 | D:9      | Reached skill level 10 in Fighting
  8244 | D:9      | Reached skill level 1 in Armour
  8326 | D:9      | Found a staircase to the Orcish Mines.
  8502 | D:9      | Noticed an orange demon
  8505 | D:9      | Reached skill level 1 in Shields
  8515 | D:9      | Noticed a two-headed ogre
  8697 | D:9      | Killed a two-headed ogre
  8882 | D:9      | Reached **** piety under Elyvilon
  8919 | D:9      | Found a shadowy altar of Dithmenos.
  8960 | D:9      | Found an opulent altar of Gozag.
  9083 | D:9      | Found a glowing silver altar of Zin.
  9138 | D:9      | Found a sacrificial altar of Ru.
  9138 | D:9      | Found a blossoming altar of Fedhas.
  9228 | D:10     | Entered Level 10 of the Dungeon
  9259 | D:10     | Identified the +7 short sword "Kaosch" {vorpal, rElec rN+
                  | Int+4}
  9318 | D:10     | Found Wesux's Antique Weapon Boutique.
  9319 | D:10     | Found Ennaqyuff's Armour Shoppe.
  9769 | D:10     | Reached XP level 11. HP: 115/117 MP: 10/10
  9773 | D:10     | Found a staircase to the Lair.
  9782 | D:10     | Reached skill level 5 in Dodging
 10422 | D:10     | Reached ***** piety under Elyvilon
 10796 | Lair:1   | Entered Level 1 of the Lair of Beasts
 11093 | Lair:1   | Reached skill level 5 in Armour
 11105 | Lair:1   | Reached skill level 5 in Shields
 11553 | D:2      | Bought a scroll of acquirement for 624 gold pieces
 11554 | D:2      | Acquired the +1 gold dragon scales of Dojoj {rPois rF+ rC+
                  | Will+ Int+9 Dex+4}
 11555 | D:2      | Acquired a manual of Shields
 11998 | Lair:1   | You fall into a shaft and drop 1 floor!
 11998 | Lair:2   | Noticed a seven-headed hydra
 12351 | D:11     | Noticed a centaur warrior
 12356 | D:11     | Killed a centaur warrior
 12357 | D:11     | Reached skill level 1 in Invocations
 12535 | D:11     | Found Qotyquel's Weapon Boutique.
 12535 | D:11     | Noticed a two-headed ogre
 12542 | D:11     | Killed a two-headed ogre
 12543 | D:11     | Reached XP level 12. HP: 108/126 MP: 10/12
 12615 | D:11     | Noticed a boulder beetle
 12651 | D:11     | Killed a boulder beetle
 13220 | D:12     | Noticed a tengu warrior
 13225 | D:12     | Noticed Gastronok
 13228 | D:12     | Killed a tengu warrior
 13238 | D:11     | Elyvilon protects you from harm!
 13238 | D:11     | Elyvilon protects you from harm!
 13239 | D:11     | HP: 4/126 [purple ugly thing (7)]
 13663 | D:12     | Killed Gastronok
 14439 | D:10     | Pacified a seven-headed hydra
 14727 | Lair:1   | Noticed a boulder beetle
 14744 | Lair:1   | Killed a boulder beetle
 14745 | Lair:1   | Reached skill level 5 in Throwing
 14996 | Lair:2   | Found a staircase to the Shoals.
 15629 | Lair:2   | Reached XP level 13. HP: 113/135 MP: 15/15
 15732 | Lair:2   | Reached ****** piety under Elyvilon
 16253 | Lair:3   | Found a staircase to the Snake Pit.
 16781 | Lair:3   | Identified the +1 hand axe of the Mashing Gods {venom,
                  | Str+3 Dex+6 SInv}
 17189 | Lair:3   | Got the Almanac of Energetic Ignition
 17979 | Lair:4   | Reached skill level 10 in Shields
 18292 | Lair:5   | Entered Level 5 of the Lair of Beasts
 18322 | Lair:5   | Found a viscous altar of Jiyva.
 18322 | Lair:5   | Found a staircase to the Slime Pits.
 18340 | Lair:5   | Fell from the grace of Elyvilon
 18340 | Lair:5   | Became a worshipper of Jiyva Jearic the Shapeless
 18737 | D:13     | Found a frozen archway.
 19158 | IceCv    | Entered an ice cave
 19294 | IceCv    | Noticed a quicksilver ooze
 19321 | IceCv    | Killed a quicksilver ooze
 19354 | IceCv    | Noticed a quicksilver ooze
 19381 | IceCv    | Noticed an azure jelly
 19387 | IceCv    | Found a viscous altar of Jiyva.
 19403 | IceCv    | Got the ring of Kukinenu {rElec rPois rF+ rC+ Str+4}
 19406 | IceCv    | Got the ring "Degh" {rF+ rC+}
 19407 | IceCv    | Identified the amulet "Kiowush" {Faith rElec rN++ Will+
                  | Dex+3}
 19519 | D:13     | Reached * piety under Jiyva
 19559 | D:13     | Noticed Azrael
 19583 | D:13     | Killed Azrael
 19689 | D:13     | Noticed a fire dragon
 19694 | D:13     | Killed a fire dragon
 19716 | D:13     | Found a gate to the Vaults.
 19782 | D:13     | Noticed Maurice
 19788 | D:13     | Killed Maurice
 19789 | D:13     | Reached XP level 14. HP: 141/146 MP: 16/16
 19798 | D:13     | Noticed Sonja
 19814 | Abyss:2  | Cast into level 2 of the Abyss (Sonja)
 19899 | Abyss:2  | Noticed a starcursed mass
 19954 | Abyss:2  | Noticed a purple very ugly thing
 19978 | Abyss:2  | Killed a purple very ugly thing
 20054 | Abyss:2  | Noticed a starcursed mass
 20139 | Abyss:2  | Reached ** piety under Jiyva
 20228 | Abyss:2  | Noticed a deep elf elementalist
 20254 | Abyss:2  | Gained mutation: [You are weak. (Str -2)] [a neqoxec]
 20269 | Abyss:2  | Noticed a bone dragon
 20324 | Abyss:2  | Mangled by a large abomination

Illustrated notes

Levels and vault maps discovered:
D:1:      ncdulo_watergridlock, layout_rooms, shapermc_ecumenical_altar_ellora
D:2:      layout_basic, serial_shops, nicolae_shop_hallway_stairs, uniq_robin
D:3:      layout_basic, amcnicky_altar_gilded, bloody_makhleb,
          grunt_decor_arrowhead, minivault_24
D:4:      layout_basic, kennysheep_orc_sif_temple,
          mainiacjoe_overflow_tiny_flanked, mainiacjoe_overflow_paths,
          uniq_grinder
D:5:      layout_rooms, mainiacjoe_overflow_boulevard, serial_shops,
          nicolae_shop_hallway_plus, hex_tiny, grunt_ministairs_13, st_stairs_5,
          nrook_campfire
D:6:      layout_rooms, nzn_wu_jian_contemplation, minmay_temple_entry_fiery,
          uniq_prince_ribbit1
D:7:      layout_rooms, lemuel_doored_altar, uniq_duvessa
D:8:      layout_rooms, old_standard_altar
D:9:      minmay_skewed_foursquare, layout_cave_pools,
          pdpol_temple_overflow_zin_treasury_gozag_greed,
          mainiacjoe_overflow_catwalk, gammafunk_temple_overflow_elements,
          orc_0_dummy, minmay_statues_item, chequers_serial_rivers_small_a
D:10:     layout_long_grid, due_lair_maze_entry_diamond,
          nicolae_wooded_promenade
D:11:     layout_gridville, serial_shops, nicolae_shop_bloodbath_and_beyond
D:12:     layout_basic, minivault_23, minmay_strange_pillars, uniq_gastronok
D:13:     layout_basic, david_vaults_4, portal_ice_cave_entry_pillars_2,
          uniq_azrael, uniq_maurice, uniq_sonja
Temple:   hellmonk_temple_micro_hex
Lair:1:   lemuel_reptile_caves, layout_regular_city, nzn_sisyphean_effort,
          infiniplex_staircase_pool, grunt_megastairs_3
Lair:2:   layout_cave_pods, minmay_shoals_entry_centaurs, serial_bayou_shore_b
Lair:3:   layout_small_grid, guppyfry_snake_entry_garden, serial_bayou_shore_a
Lair:4:   layout_roguey
Lair:5:   wormcave, layout_hall_layers, nicolae_slime_entry_slimehenge
Abyss:2:  base: D:12, base: D:5, base: Lair:3, minivault_26,
          serial_sigils_hangedman_quiver, hangedman_abyss_sting,
          due_exit_kobolds

Skill      XL: |  1  2  3  4  5  6  7  8  9 10 11 12 13 14 |
---------------+-------------------------------------------+-----
Throwing       | 2 3 5 7 8 |  8.0
Fighting       | 2 3 5 9 10 11 | 11.1
Unarmed Combat | 4 5 6 7 8 10 11 | 11.4
Dodging        | 3 4 6 7 |  7.8
Armour         | 3 6 7 |  7.8
Shields        | 3 6 8 11 | 11.4
Invocations    | 1 4 |  4.0

Action                   |  1- 3 |  4- 6 |  7- 9 | 10-12 | 13-15 || total
-------------------------+-------+-------+-------+-------+-------++-------
Melee: Unarmed           |   109 |    67 |   267 |   662 |   491 ||  1596
       Punch             |     1 |     4 |     8 |    38 |    51 ||   102
Throw: Javelin           |       |    11 |     5 |    13 |       ||    29
       Large rock        |       |     2 |     3 |       |       ||     5
       Throwing net      |       |     1 |     1 |       |       ||     2
       Dart              |       |       |     5 |     5 |       ||    10
Invok: Heal Self         |       |       |       |     3 |     5 ||     8
       Heal Other        |       |       |       |     2 |     3 ||     5
Evoke: Wand              |       |       |     4 |     5 |     1 ||    10
  Use: Potion            |       |       |       |    13 |     1 ||    14
       Scroll            |       |       |       |    15 |     1 ||    16
 Stab: Sleeping          |     1 |     2 |     1 |       |       ||     4
       Distracted        |       |       |     1 |       |       ||     1
       Paralysed         |       |       |     3 |       |       ||     3
Armor: Robe              |    48 |    21 |    50 |     2 |       ||   121
       Troll leather arm |       |       |       |   104 |       ||   104
       Steam dragon scal |       |       |       |     6 |       ||     6
       Gold dragon scale |       |       |       |   345 |   482 ||   827
Dodge: Dodged            |    62 |    24 |   110 |   332 |   191 ||   719
